 Dungeon Crawl Stone Soup version 0.31-a0-618-g7ca08c1ff9 (webtiles) character file.

Game seed: 7890187332474911353

130 cforsyth the Charlatan (level 5, -1/40 HPs)
             Began as a Gnoll Artificer on Aug 22, 2023.
             Slain by a gnoll
             ... wielding a +0 halberd
              (16 damage)
             ... on level 2 of the Dungeon.
             The game lasted 00:04:04 (2993 turns).

cforsyth the Charlatan (Gnoll Artificer)            Turns: 2993, Time: 00:04:04

Health: -1/40      AC:  3    Str: 12    XL:     5   Next: 13%
Magic:  6/7        EV: 12    Int: 12    God:
Gold:   62         SH:  0    Dex: 12    Spells: 6/6 levels left

rFire   . . .        a - +0 club
rCold   . . .        (no shield)
rNeg    . . .        b - +0 leather armour
rPois   .            (no helmet)
rElec   .            (no cloak)
rCorr   .            (no gloves)
SInv    .            (no boots)
Will    .....        (no amulet)
Stlth   ++           (no ring)
HPRegen 0.26/turn    (no ring)
MPRegen 0.10/turn

%: no passive effects
@: no status effects
A: fangs 1, strong nose, distributed training
a: no special abilities


You were on level 2 of the Dungeon.
You visited 1 branch of the dungeon, and saw 2 of its levels.

You collected 62 gold pieces.

Inventory:

Hand Weapons
 a - a +0 club (weapon)
Missiles
 k - 10 poisoned darts
Armour
 b - a +0 leather armour (worn)
Wands
 c - a wand of flame (2) (quivered)
 d - a wand of charming (15)
 e - a wand of iceblast (4)
Scrolls
 f - 2 scrolls of teleportation {unknown}
 g - a scroll of torment {unknown}
 h - 2 scrolls of identify {unknown}
 l - a scroll of fog {unknown}
Potions
 i - a potion of lignification {unknown}
 j - 2 potions of curing {unknown}
 m - a potion of brilliance {unknown}


   Skills:
 + Level 2.9 Fighting
 + Level 1.4 Short Blades
 + Level 1.4 Long Blades
 + Level 1.4 Axes
 + Level 1.4 Maces & Flails
 + Level 1.4 Polearms
 + Level 1.4 Staves
 + Level 1.4 Ranged Weapons
 + Level 1.4 Throwing
 + Level 4.7 Armour
 + Level 2.9 Dodging
 + Level 2.7 Stealth
 + Level 1.4 Shields
 + Level 1.4 Unarmed Combat
 + Level 1.4 Spellcasting
 + Level 1.1 Conjurations
 + Level 1.1 Hexes
 + Level 1.1 Summonings
 + Level 1.1 Necromancy
 + Level 1.1 Translocations
 + Level 1.1 Transmutations
 + Level 1.1 Fire Magic
 + Level 1.1 Ice Magic
 + Level 1.1 Air Magic
 + Level 1.1 Earth Magic
 + Level 1.1 Poison Magic
 + Level 1.5 Invocations
 + Level 6.6 Evocations
 + Level 1.2 Shapeshifting


You had 6 spell levels left.
You didn't know any spells.
Your spell library contained the following spells:

 Spells                   Type           Power      Damage    Failure   Level
 Magic Dart               Conj           12%        1d3       24%         1
 Searing Ray              Conj           6%         2d4       34%         2
 Fulminant Prism          Conj/Hex       1%         3d5       93%         4


Dungeon Overview and Level Annotations

Branches:
Dungeon (2/15)

Altars:
The Shining One

Shops:
D:1 [


Innate Abilities, Weirdness & Mutations

You have very sharp teeth.
Your uncanny sense of smell can sniff out nearby items.
Your experience applies equally to all skills.


Message History

You kill the bat!
No target in view!
Found a stone staircase leading down.
There is a stone staircase leading down here.
Found a stone staircase leading down.
m - a clear potion A gnoll comes into view.
It is wielding a +0 halberd.
The gnoll shouts!
You hear a shout! x2
The gnoll hits you with a +0 halberd!
Aiming: Throw Flame
Press: ? - help, Shift-Dir - straight line, f - gnoll
Aim: a gnoll, wielding a +0 halberd (77% to hit)
The puff of flame hits the gnoll.
The gnoll is moderately wounded.
A gnoll comes into view. It is wielding a +0 spear.
The gnoll hits you with a +0 halberd.
Aiming: Throw Flame
Press: ? - help, Shift-Dir - straight line, f/p - gnoll
Aim: a gnoll, wielding a +0 halberd (moderately wounded, 77% to hit)
The puff of flame hits the gnoll.
The gnoll is severely wounded.
The gnoll misses you.
Aiming: Iceblast
Press: ? - help, Shift-Dir - straight line, f/p - gnoll
Aim: a gnoll, wielding a +0 halberd (severely wounded)
The mass of ice explodes!
The iceblast engulfs the gnoll!!
You kill the gnoll!
The iceblast engulfs the gnoll!
You kill the gnoll!
You hear a shout!
You have reached level 5!
Unknown command.
A gnoll comes into view. It is wielding a +0 halberd.
A gnoll is nearby!
A gnoll is nearby!
The gnoll closely misses you.
The gnoll hits you from afar with a +0 halberd!
The gnoll attacks as it pursues you!
The gnoll hits you from afar with a +0 halberd!
You die...

#.# #.#†.# ##†# .## #.#### #..#
.....######## #.....
#..#####..)g.....# #.####
#........#######.## ####.#).'
#..(###### #..###..#.#8.# #.###
##..##..#.####
#.################.##..#.....
###.....>.....@.g.......>######
#...###################### #
#...# # #####


You could see a gnoll.

Vanquished Creatures
  An iguana (D:2)
  4 adders (D:2)
  2 gnolls (D:2)
  4 ball pythons
  5 endoplasms
  A giant cockroach (D:1)
  5 hobgoblins (D:1)
  2 jackals (D:1)
  A quokka (D:2)
  9 bats
  4 frilled lizards
  5 goblins
  4 kobolds
  5 rats
52 creatures vanquished.

Notes
Turn   | Place    | Note
-------+----------+-------------------------------------------
     0 | D:1      | cforsyth the Gnoll Artificer began the quest for the Orb.
     0 | D:1      | Reached XP level 1. HP: 17/17 MP: 1/1
   204 | D:1      | Reached XP level 2. HP: 19/23 MP: 2/2
   728 | D:1      | Found a faded altar of an unknown god.
   751 | D:1      | Found Aviff's Antique Armour Shoppe.
   893 | D:1      | Reached XP level 3. HP: 15/28 MP: 3/3
  1287 | D:2      | Reached skill level 1 in Invocations
  1535 | D:2      | Found a glowing golden altar of the Shining One.
  1708 | D:2      | Reached skill level 1 in Short Blades
  1708 | D:2      | Reached skill level 1 in Long Blades
  1708 | D:2      | Reached skill level 1 in Axes
  1708 | D:2      | Reached skill level 1 in Maces & Flails
  1708 | D:2      | Reached skill level 1 in Polearms
  1708 | D:2      | Reached skill level 1 in Staves
  1708 | D:2      | Reached skill level 1 in Ranged Weapons
  1708 | D:2      | Reached skill level 1 in Throwing
  1708 | D:2      | Reached skill level 1 in Shields
  1708 | D:2      | Reached skill level 1 in Unarmed Combat
  1708 | D:2      | Reached skill level 1 in Spellcasting
  2047 | D:1      | Reached XP level 4. HP: 12/34 MP: 5/5
  2262 | D:2      | Reached skill level 1 in Shapeshifting
  2522 | D:2      | Reached skill level 1 in Conjurations
  2522 | D:2      | Reached skill level 1 in Hexes
  2522 | D:2      | Reached skill level 1 in Summonings
  2522 | D:2      | Reached skill level 1 in Necromancy
  2522 | D:2      | Reached skill level 1 in Translocations
  2522 | D:2      | Reached skill level 1 in Transmutations
  2522 | D:2      | Reached skill level 1 in Fire Magic
  2522 | D:2      | Reached skill level 1 in Ice Magic
  2522 | D:2      | Reached skill level 1 in Air Magic
  2522 | D:2      | Reached skill level 1 in Earth Magic
  2522 | D:2      | Reached skill level 1 in Poison Magic
  2976 | D:2      | Reached XP level 5. HP: 19/40 MP: 5/7
  2993 | D:2      | Slain by a gnoll

Illustrated notes

Levels and vault maps discovered:
D:1:      sevenhm_arrival_forest_fort_small_3, layout_loops_corners,
          dreamdust_ecumenical_altar_angels_and_demons, serial_shops, shop
D:2:      minmay_door_path, layout_rooms, basic_altar

Skill      XL: |  1  2  3  4 |
---------------+-------------+-----
Invocations    | 1 |  1.5
Short Blades   | 1 |  1.4
Long Blades    | 1 |  1.4
Axes           | 1 |  1.4
Maces & Flails | 1 |  1.4
Polearms       | 1 |  1.4
Staves         | 1 |  1.4
Ranged Weapons | 1 |  1.4
Throwing       | 1 |  1.4
Shields        | 1 |  1.4
Unarmed Combat | 1 |  1.4
Spellcasting   | 1 |  1.4
Shapeshifting  | 1 |  1.2
Conjurations   | 1 |  1.1
Hexes          | 1 |  1.1
Summonings     | 1 |  1.1
Necromancy     | 1 |  1.1
Translocations | 1 |  1.1
Transmutations | 1 |  1.1
Fire Magic     | 1 |  1.1
Ice Magic      | 1 |  1.1
Air Magic      | 1 |  1.1
Earth Magic    | 1 |  1.1
Poison Magic   | 1 |  1.1
Fighting       | |  2.9
Armour         | |  4.7
Dodging        | |  2.9
Stealth        | |  2.7
Evocations     | |  6.6

Action                     |  1- 3 |  4- 6 || total
---------------------------+-------+-------++-------
  Melee: Club              |   191 |    66 ||   257
         Bite              |    10 |     5 ||    15
         Punch             |     3 |     2 ||     5
  Evoke: Wand              |     4 |    10 ||    14
   Stab: Sleeping          |     4 |       ||     4
 Armour: Leather armour    |    68 |    43 ||   111
  Dodge: Dodged            |   166 |   113 ||   279

Table legend: (Time is in decaauts)
 A = Elapsed time spent in this place.
 B = Non-inter-level travel time spent in this place.
 C = Inter-level travel time spent in this place.
 D = Time resting spent in this place.
 E = Time spent auto-exploring this place.
 F = Levels seen in this place.
 G = Mean time per level.
                   A        B        C        D        E       F      G
               +--------+--------+--------+--------+--------+-----+--------+
         Total |   3062 |   3038 |     24 |    572 |   1840 |   2 | 1531.0 |
       Dungeon |   3062 |   3038 |     24 |    572 |   1840 |   2 | 1531.0 |
               +--------+--------+--------+--------+--------+-----+--------+

Top non-repeatable levels by time:
     D:1: 1788 daAuts
     D:2: 1274 daAuts
